 Dungeon Crawl Stone Soup version 0.26-a0-1102-g347fe5baa7 (webtiles) character file.

Game seed: 8631476512545549224

32 CowFu the Skirmisher (level 3, -1/58 HPs)
             Began as an Ogre Berserker on Dec 16, 2020.
             Was a Believer of Trog.
             Slain by a jackal (3 damage)
             ... on level 1 of the Dungeon.
             The game lasted 00:01:17 (732 turns).

CowFu the Skirmisher (Ogre Berserker)                Turns: 732, Time: 00:01:18

Health: -1/58      AC:  3    Str: 22    XL:     3   Next: 27%
Magic:  3/3        EV: 10    Int:  8    God:    Trog [**....]
Gold:   39         SH:  0    Dex:  8    Spells: 2/2 levels left

rFire    . . .     SeeInvis .   a - +0 mace
rCold    . . .     Faith    .   (no shield)
rNeg     . . .     Spirit   .   b - +0 animal skin
rPois    .         Reflect  .   (helmet restricted)
rElec    .         Harm     .   (no cloak)
rCorr    .         Rampage  .   (gloves unavailable)
Will     .....                  (boots unavailable)
Stlth    ..........             (no amulet)
HPRegen  0.19/turn              (no ring)
MPRegen  0.08/turn              (no ring)

@: berserking, very quick
A: large, unfitting armour, tough skin 1
a: Berserk, Trog's Hand, Renounce Religion


You were on level 1 of the Dungeon.
You worshipped Trog.
Trog was pleased with you.
You visited 1 branch of the dungeon, and saw 1 of its levels.

You collected 39 gold pieces.

Inventory:

Hand Weapons
 a - a +0 mace (weapon)
Missiles
 e - 4 datura-tipped darts
Armour
 b - a +0 animal skin (worn)
Scrolls
 c - a scroll of fear {unknown}
 d - a scroll of amnesia {unknown}
 f - a scroll of remove curse {unknown}
Potions
 g - a potion of flight {unknown}


   Skills:
 + Level 4.1 Fighting
 + Level 3.8 Maces & Flails
 - Level 2.6 Dodging


You had 2 spell levels left.
You didn't know any spells.
Your spell library was empty.

Dungeon Overview and Level Annotations

Branches:
Dungeon (1/15)

Altars:


Innate Abilities, Weirdness & Mutations

You are too large for most types of armour.
You have tough skin. (AC +1)


Message History

The jackal bites you but does no damage.
You miss the jackal.
The jackal is heavily wounded.
The jackal bites you.
* * * LOW HITPOINT WARNING * * *
The jackal bites you but does no damage.
You hit the jackal but do no damage.
The jackal is moderately wounded.
The jackal closely misses you.
You hit the jackal but do no damage.
The jackal is moderately wounded.
The jackal bites you but does no damage. x2
You hit the jackal.
The jackal is almost dead.
The jackal bites you.
* * * LOW HITPOINT WARNING * * *
The jackal closely misses you.
A red film seems to cover your vision as you go berserk!
You feel yourself moving faster!
You feel mighty! The jackal bites you.
You die...

.>......# #.......# .....#
#.......# .....# #.......#
.....# #.......#### .....#
.. # #...........
.....####..##.#..)†....[..
.....#........#.##........
.....#..........@h........
.....#.......##.##........
##..##.......##.##........
##.##.......##.##........
#.##.......##.##########
#..#†......##.#
##.#.......##.#
#.........##.#
##.###..#+##.########


You could see a jackal.

Vanquished Creatures
  A dart slug (D:1)
  A leopard gecko (D:1)
  3 giant cockroaches (D:1)
  4 goblins (D:1)
  4 hobgoblins (D:1)
  2 jackals (D:1)
  2 kobolds (D:1)
  5 bats (D:1)
  4 rats (D:1)
26 creatures vanquished.

Notes
Turn   | Place    | Note
-------+----------+-------------------------------------------
     0 | D:1      | CowFu the Ogre Berserker began the quest for the Orb.
     0 | D:1      | Reached XP level 1. HP: 24/24 MP: 1/1
    82 | D:1      | Reached XP level 2. HP: 21/32 MP: 2/2
   567 | D:1      | Reached XP level 3. HP: 35/39 MP: 3/3
   707 | D:1      | Reached ** piety under Trog
   731 | D:1      | HP: 1/39 [jackal (3)]
   732 | D:1      | Slain by a jackal

Illustrated notes

Levels and vault maps discovered:
D:1:      minmay_arrival_doors, layout_basic, minmay_hexomino_u4

Skill      XL: |  1 |
---------------+----+-----
Maces & Flails | 3 |  3.8
Fighting       | |  4.1
Dodging        | |  2.6

Action                   || total
-------------------------++-------
Melee: Mace              ||    89
Invok: Berserk           ||     2
Armor: Animal skin       ||    69
Dodge: Dodged            ||   102

Table legend: (Time is in decaauts)
 A = Elapsed time spent in this place.
 B = Non-inter-level travel time spent in this place.
 C = Inter-level travel time spent in this place.
 D = Time resting spent in this place.
 E = Time spent auto-exploring this place.
 F = Levels seen in this place.
 G = Mean time per level.
                   A        B        C        D        E       F      G
               +--------+--------+--------+--------+--------+-----+--------+
         Total |    764 |    764 |      0 |      0 |    559 |   1 |  764.0 |
       Dungeon |    764 |    764 |      0 |      0 |    559 |   1 |  764.0 |
               +--------+--------+--------+--------+--------+-----+--------+

Top non-repeatable levels by time:
     D:1: 764 daAuts
